 Dungeon Crawl Stone Soup version 0.30.0-30-g96aa6591b8 (webtiles) character file.

Game seed: 16020079941394396385

40 Chiseanne the Sneak (level 3, -2/26 HPs)
             Began as an Octopode Delver on June 28, 2023.
             Slain by an orc wizard
             ... wielding a +0 dagger
              (3 damage)
             ... on level 5 of the Dungeon.
             The game lasted 00:01:38 (298 turns).

Chiseanne the Sneak (Octopode Delver)                Turns: 298, Time: 00:01:38

Health: -2/26      AC:  1    Str: 11    XL:     3   Next: 50%
Magic:  3/3        EV: 14    Int: 12    God:
Gold:   8          SH:  0    Dex: 15    Spells: 2/2 levels left

rFire   . . .        a - +1 short sword (venom)
rCold   . . .        (no shield)
rNeg    . . .        (helmet restricted)
rPois   .            (no amulet)
rElec   .            (no ring)
rCorr   .            (no ring)
SInv    .            (no ring)
Will    .....        (no ring)
Stlth   +++++        (no ring)
HPRegen 0.24/turn    (no ring)
MPRegen 0.08/turn    (no ring)
                     (no ring)

%: no passive effects
@: no status effects
A: almost no armour, amphibious, 8 rings, camouflage 1, gelatinous body 1,
(nimble swimmer 1), tentacles
a: no special abilities


You were on level 5 of the Dungeon.
You visited 1 branch of the dungeon, and saw 1 of its levels.

You collected 8 gold pieces.

Inventory:

Hand Weapons
 a - a +1 short sword of venom (weapon)
 s - a +2 falchion of freezing
Wands
 f - a wand of digging (3)
Scrolls
 b - a scroll of fog
 c - a scroll of magic mapping
 d - a scroll of immolation {unknown}
 h - a scroll of fear
Potions
 e - a potion of haste
 g - a potion of cancellation {unknown}


   Skills:
 * Level 3.5 Fighting
 - Level 2.0 Short Blades
 * Level 2.7 Dodging
 * Level 7.1 Stealth


You had 2 spell levels left.
You didn't know any spells.
Your spell library was empty.

Dungeon Overview and Level Annotations

Branches:
Dungeon (5/15)
 Temple: D:4-7

Altars:


Innate Abilities, Weirdness & Mutations

You cannot wear most types of armour.
You are amphibious.
You can wear up to eight rings at the same time.
Your skin changes colour to match your surroundings (Stealth+).
Your rubbery body absorbs attacks. (AC +1, EV +1)
((You are camouflaged when in or above water. (Stealth+)))
You have tentacles for arms and can constrict up to eight enemies at once.


Message History

A hound comes into view.
You hear a distant slurping noise.
A phantom comes into view.
Found a whip.
You hit the orc.
The orc is poisoned.
You grab the orc.
The orc is lightly wounded.
You constrict the orc, but do no damage.
The orc misses you.
You release your grip on the orc.
The orc attacks as you move away! The orc hits you with a +0 mace.
The orc attacks as you move away! The orc misses you.
You hear a distant slurping noise.
You kill the orc!
An orc comes into view. It is wielding a +0 quarterstaff.
The orc moves out of view.
Found a manual of Short Blades.
The hound barks!
The orc shouts!
You hear a shout!
The orc hits you with a +0 quarterstaff!
You hear a shout!
The orc attacks as you move away!
The orc hits you with a +0 quarterstaff.
An orc wizard and an orc come into view.
The orc wizard shouts!
You hear an angry hiss.
The orc wizard moves out of view.
You completely miss the orc. You grab the orc. You constrict the orc.
The orc hits you with a +0 quarterstaff.
The orc hits you with a +0 flail.
You completely miss the orc.
You tentacle-slap the orc, but do no damage.
You squeeze the orc.
You kill the orc!
The phantom barely misses you.
The orc hits you with a +0 quarterstaff.
The orc wizard hits you with a +0 dagger.
* * * LOW HITPOINT WARNING * * *
You see here a +0 flail.
The phantom attacks as you move away! The phantom hits you.
* * * LOW HITPOINT WARNING * * *
The orc wizard hits you with a +0 dagger.
You die...

.## #.#.### #.#
..###.#..## #.#
...##.#...###.######...
...'..........)........
...####...######.###...
.)## #..## #.# .## #.##
####)# ## #..## #....#
# #...###.##@##.###
#......o.Wo.......
#..###.###..#.#### #
#.#...#...#....# ###
#.#..# #.###...# ..###
#.#.# #.# #..# .#.ยง#
#..## #:# #..#
###.###...# #.# #.. #
##....#..# #.. .#


You could see a phantom, an orc wizard and an orc.

Vanquished Creatures
  An orc wizard (D:5)
  5 orcs (D:5)
  4 jackals (D:5)
10 creatures vanquished.

Notes
Turn   | Place    | Note
-------+----------+-------------------------------------------
     0 | D:5      | Chiseanne the Octopode Delver began the quest for the Orb.
     0 | D:5      | Reached XP level 1. HP: 16/16 MP: 1/1
    31 | D:5      | Noticed a sleepcap
    67 | D:5      | Noticed an orc wizard
   134 | D:5      | Reached XP level 2. HP: 15/21 MP: 2/2
   141 | D:5      | Reached skill level 7 in Stealth
   141 | D:5      | Reached XP level 3. HP: 14/26 MP: 3/3
   262 | D:5      | Noticed a phantom
   298 | D:5      | HP: 1/26 [phantom (5)]
   298 | D:5      | Slain by an orc wizard

Illustrated notes

Levels and vault maps discovered:
D:5:      layout_loops_corners, minmay_manual_mail, uniq_sigmund

Skill      XL: |  1  2 |
---------------+-------+-----
Stealth        | 7 |  7.1
Fighting       | |  3.5
Short Blades   | |  2.0
Dodging        | |  2.7

Action                     || total
---------------------------++-------
  Melee: Short sword       ||    21
         Constrict         ||     9
         Tentacles         ||     6
         Punch             ||     1
    Use: Scroll            ||     1
  Dodge: Dodged            ||    12
